AoeStats
← Theresallwaysahole

African Clearing

503887409Analyzed
3v3 RM · 2mo ago on Sep 2, 2026· 78m 35s· 6 players
Game mode
Random Map
Map size
Normal (6 player)
Population
200
Speed
Normal
Resources
Standard
Victory
Conquest
Starting age
Dark Age
Ending age
Imperial Age
RankedLock teamsTeams togetherTeam positionsShared explorationLock speedFull tech treeHidden civsTurbo modeCheats
Victory
Defeat
🇬🇧 Sicilians · United Kingdom
1454
+10
🇫🇷 Huns · France
1274
+18
🇩🇪 Celts · Germany
1172
+22
vs
🇬🇧 Hindustanis · United Kingdom
1335
-18
🇬🇧 Mongols · United Kingdom
1301
-16
🇬🇧 Italians · United Kingdom
1301
-16
ElectroPower84
9:19 Loom
15:04 Feudal Age
18:42 Castle Age
16:47 Double-Bit Axe
17:02 Gold Mining
17:05 Fletching
18:27 Padded Archer Armor
19:48 Bow Saw
21:55 Ballistics
27:18 Horse Collar
28:22 Bloodlines
28:35 Town Watch
31:46 Bodkin Arrow
32:06 Leather Archer Armor
36:23 Husbandry
39:44 Heavy Plow
40:01 Thumb Ring
40:59 Wheelbarrow
42:28 Hand Cart
46:31 Imperial Age
46:32 Heavy Cavalry Archer
47:38 Parthian Tactics
47:16 Bracer
48:19 Chemistry
49:30 Conscription
50:48 Marauders
51:42 Masonry
56:49 Gold Shaft Mining
58:24 Scale Barding Armor
60:05 Chain Barding Armor
61:21 Plate Barding Armor
60:56 Forging
62:24 Town Patrol
64:28 Iron Casting
67:44 Blast Furnace
67:04 Light Cavalry
69:35 Hussar
71:33 Stone Mining
73:00 Two-Man Saw
Sónora
14:41 Feudal Age
19:10 Castle Age
17:43 Horse Collar
18:15 Loom
19:51 Heavy Plow
25:15 Double-Bit Axe
28:44 Wheelbarrow
29:46 Bow Saw
29:45 Fishing Lines
31:24 Fletching
31:37 Crossbowman
32:33 Bodkin Arrow
33:28 Ballistics
33:40 Town Watch
34:16 Hand Cart
34:32 Scale Mail Armor
35:10 Squires
34:56 Gambesons
36:09 Gold Mining
36:37 Chain Mail Armor
39:19 Elite Skirmisher
43:10 Imperial Age
41:31 Forging
42:49 Iron Casting
42:16 Padded Archer Armor
41:59 Pikeman
43:58 Gold Shaft Mining
43:14 Stone Mining
43:19 Arson
43:29 Capped Ram
44:46 Plate Mail Armor
44:58 Conscription
44:52 Bracer
45:42 Leather Archer Armor
45:50 Halberdier
47:33 Blast Furnace
48:40 Chemistry
49:12 Crop Rotation
48:52 Scale Barding Armor
50:05 Siege Ram
51:53 Elite Serjeant
54:51 Siege Engineers
59:32 Hoardings
59:12 Masonry
58:45 Arbalester
60:52 Chain Barding Armor
60:32 Murder Holes
60:39 Arrowslits
63:56 Bloodlines
63:46 Husbandry
63:07 Light Cavalry
64:26 Hauberk
63:48 Cavalier
69:52 Plate Barding Armor
71:50 First Crusade
74:50 Heavy Scorpion
Reju333
4:49 Loom
15:53 Feudal Age
22:05 Double-Bit Axe
28:52 Castle Age
27:56 Horse Collar
28:08 Stone Mining
30:23 Bow Saw
32:02 Gold Mining
35:04 Wheelbarrow
36:44 Hand Cart
38:14 Pikeman
42:18 Gold Shaft Mining
45:53 Imperial Age
44:21 Ballistics
47:44 Chemistry
47:50 Siege Engineers
47:41 Elite Woad Raider
48:14 Halberdier
50:22 Furor Celtica
51:25 Heavy Plow
52:01 Heavy Scorpion
53:03 Scale Mail Armor
57:45 Conscription
61:04 Forging
61:09 Chain Mail Armor
66:20 Iron Casting
66:16 Plate Mail Armor
65:46 Padded Archer Armor
65:36 Fletching
68:04 Elite Skirmisher
71:28 Bodkin Arrow
71:48 Leather Archer Armor
77:40 Ring Archer Armor
78:11 Blast Furnace
Theresallwaysahole
3:08 Loom
12:24 Feudal Age
12:57 Double-Bit Axe
15:03 Wheelbarrow
14:43 Scale Barding Armor
15:31 Forging
16:30 Horse Collar
23:50 Castle Age
24:10 Bloodlines
24:52 Bow Saw
25:26 Gold Mining
26:15 Fervor
26:27 Sanctity
27:19 Husbandry
26:40 Light Cavalry
29:21 Heavy Plow
33:45 Chain Barding Armor
35:52 Scale Mail Armor
37:09 Hand Cart
38:47 Chain Mail Armor
39:07 Iron Casting
42:13 Imperial Age
40:00 Hand Cart
40:41 Padded Archer Armor
42:11 Fletching
42:28 Squires
42:46 Bodkin Arrow
43:38 Conscription
44:35 Chemistry
44:14 Leather Archer Armor
44:45 Ballistics
45:09 Shatagni
46:35 Ring Archer Armor
49:33 Hussar
51:49 Plate Barding Armor
52:15 Blast Furnace
59:36 Caravan
75:35 Grand Trunk Road
77:11 Careening
Chadguin
7:19 Loom
13:23 Feudal Age
15:33 Wheelbarrow
18:32 Castle Age
17:05 Double-Bit Axe
17:23 Fletching
18:40 Padded Archer Armor
19:34 Bodkin Arrow
22:49 Bow Saw
31:13 Leather Archer Armor
36:07 Imperial Age
34:12 Ballistics
38:32 Bracer
39:02 Ring Archer Armor
41:18 Masonry
42:13 Chemistry
42:13 Hand Cart
43:50 Elite Genoese Crossbowman
51:53 Light Cavalry
52:35 Husbandry
52:45 Bloodlines
52:43 Scale Barding Armor
52:49 Forging
54:31 Chain Barding Armor
54:43 Hussar
59:39 Iron Casting
59:56 Caravan
64:15 Blast Furnace
65:39 Plate Barding Armor
Captain Binjuice
4:03 Loom
12:50 Feudal Age
13:32 Double-Bit Axe
18:27 Wheelbarrow
22:16 Scale Barding Armor
24:26 Castle Age
26:27 Castle Age
26:02 Fletching
28:26 Bloodlines
28:17 Husbandry
31:01 Bow Saw
34:24 Horse Collar
35:10 Gold Mining
35:10 Stone Mining
37:22 Heavy Plow
39:17 Forging
41:05 Scale Mail Armor
41:28 Chain Barding Armor
44:26 Iron Casting
49:24 Imperial Age
46:18 Light Cavalry
49:33 Nomads
49:48 Bodkin Arrow
49:53 Padded Archer Armor
51:14 Blast Furnace
50:41 Conscription
49:49 Elite Mangudai
49:59 Cavalier
50:54 Hussar
52:44 Hand Cart
52:36 Elite Mangudai
55:07 Ballistics
57:08 Chemistry
69:34 Bracer
73:21 Leather Archer Armor
73:16 Siege Engineers
75:51 Town Watch
Connection lost

Rejoining the realm…

Still unreachable

The connection could not be restored.

Session expired

The server has moved on; the page needs a fresh start.